 Dungeon Crawl Stone Soup version 0.30.1-4-g462c640d31 (webtiles) character file.

Game seed: 14095989442413336538

14140 booth the Fighter (level 12, 0/72 HPs)
             Began as a Gargoyle Monk on Aug 25, 2023.
             Was an Elder of Hepliaklqana.
             Slain by a catoblepas (2 damage)
             ... on level 10 of the Dungeon.
             The game lasted 01:04:59 (10645 turns).

booth the Fighter (Gargoyle Monk)                  Turns: 10645, Time: 01:05:00

Health: 0/72       AC: 26    Str: 18    XL:     12   Next: 13%
Magic:  0/12       EV: 21    Int: 11    God:    Hepliaklqana [****..]
Gold:   251        SH:  0    Dex: 16    Spells: 11/11 levels left

rFire   . . .        q - +2 hammer (protect)
rCold   + + .        d - orb {light}
rNeg    + . .        u - +1 leather armour {rC+}
rPois   ∞            m - +1 helmet
rElec   +            h - +1 cloak
rCorr   .            e - +0 pair of gloves
SInv    .            l - +1 pair of boots
Will    +....        i - amulet of guardian spirit
Stlth   +            K - ring of protection from cold
HPRegen 0.32/turn    z - +5 ring of evasion
MPRegen 0.13/turn

%: guardian spirit
@: under a protective aura, glowing
A: reduced essence, sickness immunity, AC +8, negative energy resistance 1,
electricity resistance, torment resistance 1, petrification resistance, agile 1,
strong-willed 1, sense surroundings 1, evolution 1
a: Renounce Religion, Recall Ancestor, Ancestor Identity, Transference, Idealise


You were on level 10 of the Dungeon.
You worshipped Hepliaklqana.
Hepliaklqana was greatly pleased with you.
You visited 2 branches of the dungeon, and saw 12 of its levels.
You also visited: Ossuary.

You collected 458 gold pieces.
You spent 207 gold pieces at shops.

Inventory:

Hand Weapons
 n - a +0 heavy war axe
 q - a +2 hammer of protection (weapon)
 L - a +4 flail
Missiles
 o - 6 boomerangs (quivered)
 p - 7 curare-tipped darts
 x - 13 poisoned darts
 y - 7 atropa-tipped darts
 M - 2 boomerangs of dispersal
Armour
 d - an orb of light (worn)
 e - a +0 pair of gloves (worn)
 h - a +1 cloak (worn)
 l - a +1 pair of boots (worn)
 m - a +1 helmet (worn)
 u - a +1 leather armour of cold resistance (worn)
Jewellery
 b - a +6 ring of dexterity
 i - an amulet of guardian spirit (around neck)
 z - a +5 ring of evasion (right hand)
 I - a ring of positive energy
 K - a ring of protection from cold (left hand)
Wands
 g - a wand of flame (11)
 A - a wand of digging (1)
 B - a wand of roots (13)
 H - a wand of charming (14)
 N - a wand of acid (2)
Scrolls
 a - 4 scrolls of torment
 j - a scroll of magic mapping
 s - 3 scrolls of teleportation
 t - a scroll of fog
 v - a scroll of amnesia
 w - a scroll of blinking
Potions
 c - 5 potions of ambrosia
 f - 3 potions of curing
 k - 2 potions of brilliance
 r - 2 potions of lignification
 C - 2 potions of cancellation
 D - 2 potions of flight
 E - a potion of attraction
 F - a potion of resistance
 G - a potion of mutation
 J - 2 potions of heal wounds
 O - a potion of haste


   Skills:
 + Level 12.1 Fighting
 + Level 3.6(7.9) Axes
 * Level 11.9(12.1) Maces & Flails
 + Level 9.4 Dodging


You had 11 spell levels left.
You didn't know any spells.
Your spell library contained the following spells:

 Spells                   Type           Power      Damage    Failure   Level
 Apportation              Tloc           0%         N/A       38%         1
 Sandblast                Erth           0%         2d4       38%         1
 Summon Small Mammal      Summ           0%         N/A       38%         1
 Passwall                 Tmut/Erth      0%         N/A       54%         2
 Call Canine Familiar     Summ           0%         N/A       77%         3
 Stone Arrow              Conj/Erth      0%         3d7       77%         3
 Summon Guardian Golem    Hex/Summ       0%         N/A       77%         3
 Petrify                  Tmut/Erth      0%         N/A       99%         4
 Alistair's Intoxication  Tmut/Pois      0%         N/A       100%        5
 Irradiate                Conj/Tmut      0%         3d11      100%        5
 Sublimation of Blood     Necr           Unusable   N/A       N/A         2

Dungeon Overview and Level Annotations

Branches:
Dungeon (11/15)            Temple (1/1) D:5            Lair (0/5) D:10
    Orc (0/2) D:9         Ossuary (visited)

Altars:
Ashenzari
Cheibriados
Dithmenos
Elyvilon
Fedhas
Gozag
Hepliaklqana
Kikubaaqudgha
Makhleb
Nemelex Xobeh
Okawaru
Qazlal
Ru
Sif Muna
Trog
Uskayaw
Vehumet
Wu Jian
Xom
Yredelemnul
Zin
The Shining One

Shops:
D:4 (   D:7 [

Annotations:
D:8 Amaemon


Innate Abilities, Weirdness & Mutations

Your life essence is reduced to manifest your ancestor. (-10% HP)
You are immune to sickness and miasma.
Your stone body is resilient. (AC +8)
You are immune to poison.
You resist negative energy. (rN+)
You are resistant to electric shocks. (rElec)
You are resistant to unholy torment.
You are immune to petrification.
You are agile. (Dex +4, Str/Int -1)
You are strong-willed. (Will+)
You passively map a small area around you.
You have hidden genetic potential.


Message History

The orange demon disappears in a puff of smoke!
The skeletal warrior hits you but does no damage.
The catoblepas barely misses you.
The kobold demonologist completely misses you.
You hit the kobold demonologist.
The kobold demonologist is severely wounded.
The skeletal warrior hits you but does no damage.
The catoblepas gores you.
You hit the kobold demonologist.
The kobold demonologist is almost dead.
The kobold demonologist hits you but does no damage.
The catoblepas barely misses you.
The skeletal warrior hits you from afar with a +2 glaive of protection.
You sock the kobold demonologist!
You kill the kobold demonologist!
The quasit disappears in a puff of smoke!
The white imp disappears in a puff of smoke!
The shadow imp disappears in a puff of smoke!
The catoblepas gores you but does no damage.
The skeletal warrior hits you but does no damage.
Found 6 stones.
The skeletal warrior hits you with a +2 glaive of protection!
* * * LOW HITPOINT WARNING * * *
The catoblepas gores you but does no damage.
Things that are here:
a +0 dagger; a +0 robe; a kobold corpse You hit the skeletal warrior but do no damage.
You hit the skeletal warrior.
The skeletal warrior is lightly damaged.
Eadwina hits the catoblepas but does no damage.
The skeletal warrior hits you with a +2 glaive of protection!
* * * LOW HITPOINT WARNING * * *
The catoblepas gores you but does no damage.
Eadwina hits the catoblepas with a +0 dagger of draining!
You hit the skeletal warrior but do no damage.
The skeletal warrior is lightly damaged.
Eadwina hits the catoblepas but does no damage.
Eadwina drains the catoblepas.
The skeletal warrior barely misses you. The catoblepas gores you.
You die...

#.#####.#.#.#####.###############
..# #.......#........[.........
### ###.#.#.###################
#.#.#.#.P.P.P.P.'........ #####
#.#.#.#.........#........ ....#
#.#.#.#.........#........ ....##
#.#.#.#..P.P.P.P#........
.....####...#.#R##############'##
.......##.#.#.#Y@z......* #...
........#.#.#.#......... ,#.)⌠
#######.....#.#......... , #.⌠.
.###...#..###.#......... #...
.#.....'......#......... , ####
.#.#...##'#####.........* , *, ,
##....##......#......... ,
......##......#.....(... , *,
......##......#


You could see the friendly Eadwina the hexer, a catoblepas (drained, ally
target) and a skeletal warrior.

Vanquished Creatures
  A two-headed ogre (D:9)
  A deep troll (D:10)
  Pikel (D:5)
  A deep elf pyromancer (D:10)
  An ugly thing (D:11)
  A cyclops (D:11)
  Joseph (D:7)
  A gargoyle (D:10)
  2 kobold demonologists (D:10)
  4 trolls
  A shadow (D:10)
  5 slime creatures (D:11)
  A wyvern (D:7)
  4 vampire mosquitoes (D:10)
  2 water moccasins
  Duvessa (D:4)
  2 ice beasts (D:7)
  3 sky beasts
  An ogre (D:5)
  A centaur (D:9)
  3 wolves (D:10)
  2 phantoms
  2 kobold brigands
  4 bullfrogs
  A gnoll sergeant (D:5)
  5 scorpions
  Dowan (D:4)
  19 killer bees
  An electric eel (D:10)
  3 howler monkeys
  A centaur zombie (Ossuary)
  Crazy Yiuf (D:2)
  4 hounds
  8 orc priests
  A jelly (D:7)
  3 iguanas
  5 orc wizards
  Natasha (thrice) (D:4)
  2 mummies (Ossuary)
  8 gnolls
  5 adders
  A white imp (D:5)
  An ufetubus (D:5)
  3 worms
  3 dart slugs
  33 orcs
  2 bats (D:2)
  8 endoplasms
  A giant cockroach (D:4)
  A gnoll zombie (Ossuary)
  8 goblins
  6 hobgoblins
  4 jackals (D:1)
  17 kobolds
  2 quokkas (D:4)
  7 ball pythons
  2 frilled lizards (D:1)
  A hobgoblin zombie (Ossuary)
  5 rats
222 creatures vanquished.

Vanquished Creatures (collateral kills)
  A boulder beetle (D:11)
  A two-headed ogre (D:11)
  2 komodo dragons
  A troll (D:11)
  A slime creature (D:11)
  A vampire (D:11)
  4 orc warriors
  A wolf (D:10)
  2 centaurs
  2 phantoms (D:6)
  2 kobold brigands
  A scorpion (D:6)
  4 killer bees
  6 howler monkeys
  2 hounds (D:10)
  A centaur zombie (Ossuary)
  3 orc priests
  A sleepcap (D:7)
  2 gnoll boudas
  3 orc wizards
  3 mummies (Ossuary)
  5 gnolls
  2 adders (D:6)
  A white imp (D:6)
  10 orcs
  A gnoll zombie (Ossuary)
  2 goblin zombies (Ossuary)
  3 kobolds
  An orc zombie (Ossuary)
69 creatures vanquished.

Vanquished Creatures (others)
  10 hexers
10 creatures vanquished.

Grand Total: 301 creatures vanquished

Notes
Turn   | Place    | Note
-------+----------+-------------------------------------------
     0 | D:1      | booth the Gargoyle Monk began the quest for the Orb.
     0 | D:1      | Reached XP level 1. HP: 14/14 MP: 1/1
   280 | D:1      | Reached XP level 2. HP: 19/19 MP: 2/2
   911 | D:1      | Reached XP level 3. HP: 24/24 MP: 3/3
  1129 | D:2      | Found a stormy altar of Qazlal.
  1507 | D:2      | Found a runed translucent door.
  1508 | D:2      | Noticed Crazy Yiuf
  1618 | D:2      | Killed Crazy Yiuf
  1619 | D:2      | Reached skill level 4 in Fighting
  1619 | D:2      | Reached XP level 4. HP: 17/29 MP: 4/4
  1791 | D:3      | Reached XP level 5. HP: 31/34 MP: 5/5
  2646 | D:4      | Noticed Duvessa
  2648 | D:4      | Noticed Dowan
  2664 | D:4      | Killed Duvessa
  2665 | D:4      | Reached skill level 5 in Fighting
  2665 | D:4      | Reached XP level 6. HP: 30/40 MP: 6/6
  2674 | D:4      | Killed Dowan
  2778 | D:4      | Found an ornate altar of the Wu Jian Council.
  2809 | D:4      | Noticed a sky beast
  2822 | D:4      | Killed a sky beast
  2839 | D:4      | Reached skill level 5 in Maces & Flails
  2839 | D:4      | Reached XP level 7. HP: 44/44 MP: 7/7
  3001 | D:4      | Found Luige's Weapon Shoppe.
  3012 | D:4      | Bought 5 poisoned darts for 39 gold pieces
  3185 | D:4      | Noticed Natasha
  3196 | D:4      | Killed Natasha
  3274 | D:4      | Noticed Natasha
  3286 | D:4      | Killed Natasha
  3494 | D:4      | Noticed Natasha
  3510 | D:4      | Killed Natasha
  3807 | D:5      | Entered Level 5 of the Dungeon
  3812 | D:5      | Reached skill level 6 in Fighting
  3838 | D:5      | Noticed Pikel
  3874 | D:5      | Killed Pikel
  3875 | D:5      | Reached skill level 7 in Fighting
  3875 | D:5      | Reached skill level 5 in Dodging
  3875 | D:5      | Reached XP level 8. HP: 37/53 MP: 8/8
  3994 | D:5      | Found a glowing golden altar of the Shining One.
  4008 | D:5      | Found an iron altar of Okawaru.
  4202 | D:5      | Found a staircase to the Ecumenical Temple.
  4454 | Temple   | Entered the Ecumenical Temple
  4680 | Temple   | Became a worshipper of Hepliaklqana the Forgotten
  4680 | Temple   | Reached * piety under Hepliaklqana
  4680 | Temple   | Reached ** piety under Hepliaklqana
  4681 | Temple   | Remembered your ancestor Eadwina as a hexer
  4817 | D:5      | Found a basalt altar of Yredelemnul.
  4857 | D:5      | Reached XP level 9. HP: 52/52 MP: 9/9
  4957 | D:6      | Reached skill level 8 in Fighting
  5380 | D:7      | Noticed Joseph
  5420 | D:7      | Reached skill level 9 in Fighting
  5456 | D:7      | Killed Joseph
  5457 | D:7      | Reached XP level 10. HP: 28/59 MP: 10/10
  5762 | D:7      | Found a sand-covered staircase.
  5807 | Ossuary  | Entered an ossuary
  6092 | D:7      | Reached *** piety under Hepliaklqana
  6205 | D:7      | Found a shadowy altar of Dithmenos.
  6205 | D:7      | Found a blossoming altar of Fedhas.
  6207 | D:7      | Found a sparkling altar of Nemelex Xobeh.
  6546 | D:7      | Reached skill level 10 in Fighting
  6581 | D:7      | Found Paefal's Armour Boutique.
  6585 | D:7      | Bought a +1 leather armour of cold resistance for 168 gold
                  | pieces
  6980 | D:8      | Noticed an orange demon
  6981 | D:8      | Noticed Amaemon
  7428 | D:9      | Found a staircase to the Orcish Mines.
  7917 | D:9      | Identified the ring "Xaysuoll" {rElec rN+}
  7934 | D:9      | Noticed a two-headed ogre
  7941 | D:9      | Killed a two-headed ogre
  7994 | D:9      | Found the +8 trident of the Octopus King {venom, rElec
                  | rPois}
  8069 | D:9      | Gained mutation: You are agile. (Dex +4, Str/Int -1)
                  | [potion of mutation]
  8069 | D:9      | Gained mutation: You passively map a small area around you.
                  | [potion of mutation]
  8069 | D:9      | Gained mutation: You have hidden genetic potential. [potion
                  | of mutation]
  8101 | D:10     | Entered Level 10 of the Dungeon
  8101 | D:10     | Reached **** piety under Hepliaklqana
  8133 | D:10     | Reached XP level 11. HP: 58/65 MP: 9/11
  8134 | D:10     | Reached skill level 10 in Maces & Flails
  8146 | D:10     | Reached skill level 11 in Fighting
  8451 | D:10     | Noticed a sixfirhy
  8800 | D:10     | Reached skill level 1 in Axes
  8956 | D:10     | Found a hide-covered altar of Uskayaw.
  9056 | D:10     | Found a staircase to the Lair.
  9337 | D:10     | Identified the +8 rapier of Law {elec, Str+3}
  9343 | D:10     | Found a stormy altar of Qazlal.
  9819 | D:11     | Noticed a two-headed ogre
  9820 | D:11     | Noticed a brown ugly thing
  9825 | D:11     | Killed a two-headed ogre
  9832 | D:11     | Killed a brown ugly thing
  9851 | D:11     | Gained mutation: You are strong-willed. (Will+) [hidden
                  | potential]
  9852 | D:11     | Noticed a boulder beetle
  9872 | D:11     | Noticed a cyclops
  9888 | D:11     | Killed a cyclops
  9892 | D:11     | Killed a boulder beetle
 10423 | D:10     | Noticed a deep elf pyromancer
 10462 | D:10     | Killed a deep elf pyromancer
 10463 | D:10     | Reached XP level 12. HP: 35/72 MP: 6/12
 10616 | D:10     | Reached skill level 12 in Fighting
 10618 | D:10     | Noticed a catoblepas
 10644 | D:10     | HP: 2/72 [skeletal warrior/+2 glaive of protection (14)]
 10645 | D:10     | Slain by a catoblepas

Illustrated notes

Levels and vault maps discovered:
D:1:      minmay_arrival_solitary_statue, layout_loops_corners
D:2:      layout_rooms, basic_altar, minmay_tromino_v7, uniq_crazy_yiuf_cottage
D:3:      layout_loops_ring
D:4:      layout_loops_corners, kennysheep_mini, serial_shops,
          nicolae_shop_crystal, minmay_fractal_squares_5, uniq_duvessa,
          uniq_natasha
D:5:      layout_cave_pools, mainiacjoe_overflow_large_starburst,
          mainiacjoe_overflow_cross_hatched, minmay_temple_entry_crystal_x,
          lightli_corner_chamber, uniq_pikel
D:6:      layout_cave_pools
D:7:      layout_loops_ring, gammafunk_temple_overflow_claw,
          nicolae_ossuary_entry_false_entrances, serial_shops,
          nicolae_shop_behind_doors, kennysheep_windowed_goal, uniq_joseph
D:8:      layout_rooms, minmay_fractal_squares_diagonal_5, uniq_amaemon
D:9:      layout_roguey, david_orc_3
D:10:     minmay_klotski, layout_basic, nicolae_uskayaw_dance_hall,
          nicolae_qazlal_eye_of_the_storm, erik_lair_island
D:11:     layout_irregular_city
Temple:   nicolae_temple_figure_eight

Skill      XL: |  1  2  3  4  5  6  7  8  9 10 11 12 |
---------------+-------------------------------------+-----
Fighting       | 4 5 7 9 10 11 12 | 12.1
Dodging        | 3 4 5 7 8 9 |  9.4
Maces & Flails | 4 5 6 7 8 9 11 | 11.9
Axes           | 3 |  3.6

Action                     |  1- 3 |  4- 6 |  7- 9 | 10-12 || total
---------------------------+-------+-------+-------+-------++-------
  Melee: Mace              |    89 |    89 |   304 |   526 ||  1008
  Throw: Boomerang         |       |     3 |     6 |     9 ||    18
         Dart              |       |     2 |     3 |     2 ||     7
 Invoke: Ancestor Life: He |       |       |     1 |       ||     1
         Ancestor Identity |       |       |     1 |       ||     1
    Use: Potion            |     3 |     1 |     3 |     2 ||     9
         Scroll            |     2 |     4 |     8 |     9 ||    23
   Stab: Distracted        |       |       |     5 |     6 ||    11
         Confused          |       |       |     1 |    11 ||    12
         Petrified         |       |       |       |     7 ||     7
         Petrifying        |       |       |       |     1 ||     1
 Armour: Robe              |    26 |    27 |    25 |       ||    78
         Leather armour    |       |       |   120 |   201 ||   321
  Dodge: Dodged            |    41 |    58 |   273 |   582 ||   954
